 Dungeon Crawl Stone Soup version 0.30-a0-219-gf2db51d15e (webtiles) character file.

Game seed: 9248335681952603100

114 Zonian the Conjurer (level 4, 0/23 HPs)
             Began as a Vine Stalker Reaver on Oct 7, 2022.
             Slain by an orc
             ... wielding a +0 dagger
              (2 damage)
             ... on level 3 of the Dungeon.
             The game lasted 00:06:09 (2947 turns).

Zonian the Conjurer (Vine Stalker Reaver)           Turns: 2947, Time: 00:06:09

Health: 0/23       AC:  5    Str: 14    XL:     4   Next: 97%
Magic:  0/9        EV:  6    Int: 13    God:
Gold:   169        SH:  0    Dex: 15    Spells: 8/9 levels left

rFire   . . .      SeeInvis .    a - +0 short sword
rCold   . . .      Faith    .    (no shield)
rNeg    . . .      Spirit   +    b - +0 leather armour
rPois   +          Reflect  .    l - +0 helmet
rElec   .          Harm     .    (no cloak)
rCorr   .          Rampage  .    (no gloves)
Will    +....                    i - +0 pair of boots
Stlth   +.........               (no amulet)
HPRegen 1.03/turn                j - ring of willpower
MPRegen 0.11/turn                e - ring of poison resistance

@: held
A: fangs 2, regeneration 1, magic shield, antimagic bite, no potion heal 2
a: no special abilities


You were on level 3 of the Dungeon.
You visited 1 branch of the dungeon, and saw 3 of its levels.

You collected 169 gold pieces.

Inventory:

Hand Weapons
 a - a +0 short sword (weapon)
Missiles
 f - 2 boomerangs
Armour
 b - a +0 leather armour (worn)
 i - a +0 pair of boots (worn)
 l - a +0 helmet (worn)
Jewellery
 e - a ring of poison resistance (right hand)
 j - a ring of willpower (left hand)
 k - a +6 ring of strength
Wands
 h - a wand of flame (16)
Scrolls
 d - a scroll of identify
Potions
 c - 3 potions of mutation
 g - a potion of cancellation
 m - a potion of magic {unknown}


   Skills:
 + Level 2.4 Fighting
 + Level 3.2 Short Blades
 + Level 2.2 Dodging
 + Level 3.0 Spellcasting
 + Level 3.6 Conjurations


You had 8 spell levels left.
You knew the following spells:

 Your Spells              Type           Power      Damage    Failure   Level
a - Kiss of Death         Conj/Necr      24%        2d7       14%         1

Your spell library contained the following spells:

 Spells                   Type           Power      Damage    Failure   Level
 Momentum Strike          Conj/Tloc      12%        3d8       22%         2
 Hailstorm                Conj/Ice       6%         3d4       38%         3
 Conjure Ball Lightning   Conj/Air       3%         3x3d6     100%        6
 Discord                  Hex            0%         N/A       100%        8
 Disjunction              Tloc           0%         N/A       100%        8


Dungeon Overview and Level Annotations

Branches:
Dungeon (3/15)

Altars:
Ru


Innate Abilities, Weirdness & Mutations

You have extremely sharp teeth.
Your natural rate of healing is unusually fast.
When hurt, damage is shared between your health and your magic reserves.
Your bite disrupts and absorbs the magic of your enemies.
Potions cannot restore your health.


Message History

The gnoll is severely wounded.
The bat closely misses you.
A gnoll comes into view. It is wielding a +0 whip.
The gnoll hits you with a +0 whip! The orc hits you with a +0 dagger.
The gnoll splashes around in the water.
Unknown command.
The gnoll shouts!
You hit the gnoll. You bite the gnoll.
You kill the gnoll!
You hear a splash.
The bat barely misses you. The orc hits you with a +0 dagger.
The gnoll hits you with a +0 whip.
Unknown command.
You hit the gnoll.
The gnoll is lightly wounded.
The bat barely misses you. The gnoll hits you with a +0 whip.
The orc hits you but does no damage.
The gnoll throws a throwing net.
The throwing net hits you.
You become entangled in the net!
Unknown command.
Aiming: Throw Flame
Press: ? - help, Shift-Dir - straight line, f - hobgoblin
Aim: a hobgoblin (68% to hit)
The puff of flame hits the hobgoblin.
The hobgoblin is almost dead.
The bat hits you.
The hobgoblin is engulfed in a cloud of scalding steam.
You kill the hobgoblin!
The orc hits you but does no damage.
The gnoll throws a throwing net.
The throwing net hits you. The gnoll hits you with a +0 whip.
* * * LOW HITPOINT WARNING * * *
Unknown command.
Aiming: Throw Flame
Press: ? - help, Shift-Dir - straight line, f - gnoll
Aim: a gnoll, wielding a +0 whip (lightly wounded, 72% to hit)
The puff of flame hits the gnoll.
The gnoll is heavily wounded.
The bat closely misses you. The gnoll hits you with a +0 whip.
* * * LOW HITPOINT WARNING * * *
The orc hits you with a +0 dagger.
You die...

.. .. .. #... .#
#...### .##
#.....######..
###...#......g### .#
........~~~~~..?#.#
......~~~...~b~...#..
..~~~~~~.....@§.....#
~~~~~~...~~~.og.#.###
≈~).....~~~~~~..# ..
......~~~...~~~.# ##
..~~~~~..._.....#
~≈~.........###.#
~............# .#
..#...###<##.##.# #
#### #.......#


You could see 2 gnolls, an orc and a bat.

Vanquished Creatures
  Robin (D:2)
  2 gnolls
  An adder (D:2)
  2 worms (D:2)
  5 ball pythons
  5 endoplasms
  3 giant cockroaches
  13 goblins
  8 hobgoblins
  3 jackals (D:1)
  3 quokkas
  2 bats (D:1)
  6 frilled lizards
  7 kobolds
  2 rats (D:1)
63 creatures vanquished.

Vanquished Creatures (others)
  6 plants (D:2)
6 creatures vanquished.

Grand Total: 69 creatures vanquished

Notes
Turn   | Place    | Note
-------+----------+-------------------------------------------
     0 | D:1      | Zonian the Vine Stalker Reaver began the quest for the Orb.
     0 | D:1      | Reached XP level 1. HP: 11/11 MP: 4/4
    80 | D:1      | Reached XP level 2. HP: 10/15 MP: 4/6
   712 | D:1      | Reached XP level 3. HP: 16/18 MP: 5/7
  1520 | D:2      | Gained mutation: Your natural rate of healing is unusually
                  | fast. [Vine Stalker growth]
  1520 | D:2      | Reached XP level 4. HP: 23/23 MP: 9/9
  1677 | D:2      | Noticed Robin
  2842 | D:2      | Killed Robin
  2901 | D:3      | Found a sacrificial altar of Ru.
  2947 | D:3      | Slain by an orc

Illustrated notes

Levels and vault maps discovered:
D:1:      scummos_arrival_star, layout_rooms, serial_rivers,
          chequers_serial_rivers_marsh, chequers_serial_rivers_room_b,
          chequers_serial_rivers_micro_d, chequers_serial_rivers_room_a,
          minmay_misc_feat_encased
D:2:      cheibrodos_old_hovel, layout_loops_ring, supply_closet_lemuel,
          uniq_robin
D:3:      layout_loops_cross, nicolae_gozag_seed_capital,
          mainiacjoe_overflow_catch_the_wave, nicolae_ecumenical_snake_handling,
          st_stairs_4, grunt_ministairs_5, hangedman_glass_teeth,
          minmay_strange_pillars, minmay_misc_feat_x, minmay_misc_feat_hallway,
          uniq_natasha, uniq_grinder, uniq_ijyb, uniq_terence

Skill      XL: |  1  2  3  4 |
---------------+-------------+-----
Fighting       | 2 |  2.4
Short Blades   | 3 |  3.2
Dodging        | 2 |  2.2
Spellcasting   | 3 |  3.0
Conjurations   | |  3.6

Action                   |  1- 3 |  4- 6 || total
-------------------------+-------+-------++-------
Melee: Short sword       |   158 |   124 ||   282
       Bite              |    39 |    35 ||    74
       Punch             |     1 |     1 ||     2
Evoke: Wand              |       |     2 ||     2
  Use: Scroll            |       |     3 ||     3
       Potion            |       |     2 ||     2
 Stab: Sleeping          |     1 |       ||     1
Armor: Leather armour    |    37 |    28 ||    65
Dodge: Dodged            |    82 |    73 ||   155

Table legend: (Time is in decaauts)
 A = Elapsed time spent in this place.
 B = Non-inter-level travel time spent in this place.
 C = Inter-level travel time spent in this place.
 D = Time resting spent in this place.
 E = Time spent auto-exploring this place.
 F = Levels seen in this place.
 G = Mean time per level.
                   A        B        C        D        E       F      G
               +--------+--------+--------+--------+--------+-----+--------+
         Total |   2897 |   2764 |    133 |   1177 |    928 |   3 |  965.7 |
       Dungeon |   2897 |   2764 |    133 |   1177 |    928 |   3 |  965.7 |
               +--------+--------+--------+--------+--------+-----+--------+

Top non-repeatable levels by time:
     D:1: 1745 daAuts
     D:2: 1106 daAuts
     D:3: 45 daAuts
